 Dungeon Crawl Stone Soup version 0.29.0-4-gdea44cf6ec (webtiles) character file.

Game seed: 534543218728679046

83 sanka the Ducker (level 4, 0/25 HPs)
             Began as a Deep Elf Gladiator on Aug 26, 2022.
             Slain by Grinder (4 damage)
             ... while paralysed by Grinder
             ... on level 3 of the Dungeon.
             The game lasted 00:03:38 (3115 turns).

sanka the Ducker (Deep Elf Gladiator)               Turns: 3115, Time: 00:03:38

Health: 0/25       AC:  7    Str: 11    XL:     4   Next: 22%
Magic:  11/11      EV:  2    Int: 15    God:
Gold:   96         SH:  0    Dex: 16    Spells: 5/9 levels left

rFire   . . .      SeeInvis .   a - +0 long sword
rCold   . . .      Faith    .   (no shield)
rNeg    . . .      Spirit   .   r - +0 leather armour
rPois   .          Reflect  .   c - +0 helmet
rElec   .          Harm     .   (no cloak)
rCorr   .          Rampage  .   (no gloves)
Will    .....                   q - +2 pair of boots
Stlth   +.........              g - amulet of the acrobat
HPRegen 0.08/turn               (no ring)
MPRegen 0.12/turn               (no ring)

@: paralysed
A: no striking features
a: no special abilities


You were on level 3 of the Dungeon.
You visited 1 branch of the dungeon, and saw 3 of its levels.

You collected 96 gold pieces.

Inventory:

Hand Weapons
 a - a +0 long sword (weapon)
 b - a +2 dagger of venom
Armour
 c - a +0 helmet (worn)
 q - a +2 pair of boots (worn)
 r - a +0 leather armour (worn)
Jewellery
 g - an amulet of the acrobat (around neck)
 t - a +6 ring of dexterity
Scrolls
 i - 4 scrolls of identify {unknown}
 j - 2 scrolls of blinking {unknown}
 k - a scroll of acquirement {unknown}
 l - 3 scrolls of teleportation {unknown}
 m - a scroll of summoning {unknown}
 n - a scroll of fog {unknown}
 o - a scroll of torment {unknown}
Potions
 f - a potion of brilliance {unknown}
 h - 2 potions of attraction {unknown}
 p - a potion of curing {unknown}
 s - a potion of lignification {unknown}
 u - 3 potions of might {unknown}


   Skills:
 - Level 1.5 Fighting
 - Level 2.6 Long Blades
 - Level 1.1 Ranged Weapons
 - Level 2.0 Throwing
 - Level 3.6 Dodging
 + Level 3.3 Spellcasting
 + Level 3.1 Necromancy


You had 5 spell levels left.
You knew the following spells:

 Your Spells              Type           Power      Damage    Failure   Level
a - Necrotise             Necr           44%        1d6       7%          1
b - Vampiric Draining     Necr           11%        2d6       22%         3

Your spell library contained the following spells:

 Spells                   Type           Power      Damage    Failure   Level
 Agony                    Necr           11%        N/A       89%         5
 Borgnjor's Vile Clutch   Necr/Erth      3%         N/A       98%         5
 Alistair's Intoxication  Tmut/Pois      1%         N/A       100%        5
 Eringya's Noxious Bog    Tmut/Pois      1%         N/A       100%        6


Dungeon Overview and Level Annotations

Branches:
Dungeon (3/15)

Altars:

Annotations:
D:3 Grinder


Message History

Grinder struggles against the net.
You hit Grinder.
Grinder is heavily wounded.
Grinder blinks!
No target in view!
No target in view!
No target in view!
Grinder misses you.
Throw: throwing net
Press: ? - help, Q - select action, (/) - cycle Shift-Dir - straight line, f/p - Grinder
Aim: Grinder (heavily wounded, 57% to hit)
You throw a throwing net.
The throwing net closely misses Grinder.
Grinder blinks!
Unknown command.
You see here a throwing net.
Unknown command.
d - a throwing net Throw: throwing net
Press: ? - help, Q - select action, (/) - cycle Shift-Dir - straight line, f/p - Grinder
Aim: Grinder (heavily wounded, 57% to hit)
You throw a throwing net.
The throwing net closely misses Grinder.
Grinder hits you.
Unknown command.
Throw: javelin
Press: ? - help, Q - select action, (/) - cycle Shift-Dir - straight line, f/p - Grinder
Aim: Grinder (heavily wounded, 57% to hit)
You throw a javelin.
The javelin pierces through Grinder but does no damage.
Grinder is heavily wounded.
Grinder barely misses you.
Unknown command.
You barely miss Grinder.
Grinder is heavily wounded.
Grinder gestures at you.
You suddenly lose the ability to move!
Grinder hits you!
You writhe in agony.
* * * LOW HITPOINT WARNING * * *
Grinder hits you.
You die...

.....##.######.######.#######....
.....##.#......#....#.# ##....
.....##.#.######.##.#.# #.....
.....##.#.##.###.##.#.######.....
....<##......#...##.#.#..........
.....####.##>#.#......#.####.....
#.###.....##.#5##.#.###.####.....
#.# #.######.#.##5#.#.....##.....
#.###.# #.#..@.#...#.#.##.....
#.....## #.######.#.#.#.##.....
.......# #......#.#.#.#.###'###
.......# ######.#.#.#.#.. #.#
.......# #......#...#.# #.#
.......# #......#####.###.###
.......# #......### #.#......
.......# #......#.. ..#...#..
.......# #......#.# ###..##..


You could see Grinder.

Vanquished Creatures
  3 adders
  A worm (D:2)
  2 dart slugs
  An orc (D:3)
  7 ball pythons
  5 bats (D:1)
  3 endoplasms
  3 giant cockroaches
  A goblin (D:2)
  4 hobgoblins
  5 quokkas
  6 kobolds
  7 rats
48 creatures vanquished.

Notes
Turn   | Place    | Note
-------+----------+-------------------------------------------
     0 | D:1      | sanka the Deep Elf Gladiator began the quest for the Orb.
     0 | D:1      | Reached XP level 1. HP: 12/12 MP: 3/3
    66 | D:1      | Reached skill level 1 in Ranged Weapons
   159 | D:1      | Reached skill level 1 in Spellcasting
   226 | D:1      | Reached skill level 1 in Necromancy
   226 | D:1      | Reached XP level 2. HP: 12/16 MP: 5/5
   405 | D:1      | Found a faded altar of an unknown god.
   731 | D:1      | Learned a level 1 spell: Necrotise
  1242 | D:2      | Reached XP level 3. HP: 16/20 MP: 2/8
  2497 | D:3      | Reached XP level 4. HP: 20/25 MP: 10/10
  2597 | D:3      | Learned a level 3 spell: Vampiric Draining
  3090 | D:3      | Noticed Grinder
  3114 | D:3      | Paralysed by Grinder for 3 turns
  3115 | D:3      | Slain by Grinder

Illustrated notes

Levels and vault maps discovered:
D:1:      arrival_zaba_pyramid, layout_loops_ring,
          ebering_ecumenical_altar_sacrificial, minmay_pentomino_u2
D:2:      layout_basic
D:3:      layout_basic, uniq_grinder

Skill      XL: |  1  2  3  4 |
---------------+-------------+-----
Ranged Weapons | 1 |  1.1
Spellcasting   | 1 2 3 |  3.3
Necromancy     | 1 2 3 |  3.1
Fighting       | |  1.5
Long Blades    | |  2.6
Throwing       | |  2.0
Dodging        | |  3.6

Action                   |  1- 3 |  4- 6 || total
-------------------------+-------+-------++-------
Melee: Long sword        |   114 |    38 ||   152
       Punch             |       |     1 ||     1
Throw: Throwing net      |       |     4 ||     4
       Javelin           |       |     1 ||     1
 Cast: Necrotise         |    12 |       ||    12
 Stab: Sleeping          |     2 |       ||     2
Armor: Leather armour    |    41 |    10 ||    51
Dodge: Dodged            |   105 |    30 ||   135
